Map: Bridgehead LE (Void)

Players

Javert

  • Race: Zerg Zerg
  • League: Grandmaster

IIIIIIIIIIII - Winner!

  • Race: Protoss Protoss
  • League: Platinum

VOD

Have the link to the VOD?

Description

Time

  • Played on: Sept. 20, 2015, 11:18 p.m.
  • Length: 6:56
Show
View Real Time Build Order
Export as new Build Order

Javert Zerg 

Build Orders: Hatch First 

Get SALT Encoding   

  12  0:02  Drone  
  13  0:13  Overlord  
  13  0:20  Drone  
  14  0:33  Drone x2  
  16  0:38  Drone  
  17  1:00  Hatchery  
  17  1:02  Drone  
  17  1:03  Drone  
  18  1:13  Drone  
  18  1:15  Extractor  
  18  1:26  Spawning Pool  
  18  1:27  Extractor  
  18  1:28  Drone  
  18  1:31  Drone  
  19  1:49  Drone  
  20  2:07  Drone  
  20  2:08  Drone  
  22  2:16  Queen x2  
  26  2:33  Metabolic Boost  
  26  2:36  Roach Warren  
  25  2:38  Overlord  
  25  2:43  Drone x3  
  28  2:58  Drone x3  
  31  3:05  Extractor  
  30  3:08  Drone x3  
  33  3:14  Overlord  
  33  3:24  Queen  
  35  3:31  Overlord  
  35  3:38  Zergling x4  
  35  3:39  Zergling x10  
  42  3:53  Drone x3  
  45  4:02  Drone x3  
  48  4:05  Hatchery  
  48  4:07  Drone  
  48  4:08  Drone  
  49  4:18  Lair  
  49  4:20  Drone x3  
  52  4:25  Pneumatized Carapace  
  52  4:34  Overlord x2  
  52  4:40  Extractor  
  52  4:44  Evolution Chamber, Drone  
  52  4:45  Evolution Chamber, Drone  
  51  4:55  Drone  
  51  4:56  Drone x11  
  62  5:11  Extractor  
  62  5:13  Extractor  
  60  5:20  Overseer  
  60  5:21  Spore Crawler  
  59  5:22  Overlord  
  59  5:23  Drone x2  
  59  5:24  Drone x3  
  59  6:01  Roach  
  59  6:02  Roach  
  59  6:03  Roach x6  
  71  6:11  Roach  
  71  6:14  Drone  
  71  6:15  Drone x2  
  72  6:41  Drone  
  72  6:42  Drone  
Show
View Real Time Build Order
Export as new Build Order

IIIIIIIIIIII Protoss - Winner!

Build Orders:  

Get SALT Encoding   

  12  0:00  Probe (Chrono Boost)  
  13  0:10  Probe (Chrono Boost)  
  14  0:18  Pylon  
  14  0:22  Probe (Chrono Boost)  
  15  0:35  Probe (Chrono Boost)  
  16  0:43  Gateway  
  16  0:45  Probe (Chrono Boost)  
  17  0:55  Probe (Chrono Boost)  
  18  0:57  Assimilator  
  18  1:05  Probe (Chrono Boost)  
  19  1:11  Pylon  
  19  1:15  Probe (Chrono Boost)  
  20  1:25  Probe (Chrono Boost)  
  21  1:34  Zealot (Chrono Boost)  
  23  1:40  Cybernetics Core  
  23  1:42  Assimilator  
  23  1:44  Probe (Chrono Boost)  
  23  1:47  Pylon  
  24  1:55  Probe  
  25  2:04  Pylon  
  25  2:12  Gateway  
  25  2:15  Probe (Chrono Boost)  
  25  2:17  Warp Gate (Chrono Boost)  
  25  2:21  Stalker  
  28  2:27  Probe (Chrono Boost)  
  29  2:36  Probe (Chrono Boost)  
  30  2:57  Nexus  
  30  3:06  Robotics Facility  
  30  3:09  Probe (Chrono Boost)  
  31  3:14  Sentry  
  33  3:21  Probe  
  34  3:29  Gateway  
  34  3:34  Probe  
  35  3:39  Gateway  
  36  3:50  Pylon  
  36  3:53  Mothership Core (Chrono Boost)  
  37  3:57  Warp Prism (Chrono Boost)  
  39  4:09  Probe (Chrono Boost)  
  39  4:11  Probe (Chrono Boost)  
  41  4:18  Probe  
  42  4:27  Probe, Gateway  
  42  4:30  Pylon  
  43  4:35  Probe  
  44  4:43  Stalker x2  
  48  4:56  Gateway  
  48  5:00  Probe  
  48  5:05  Pylon  
  49  5:08  Probe  
  49  5:09  Assimilator  
  49  5:11  Assimilator  
  50  5:20  Adept x2  
  50  5:21  Adept x2  
  58  5:33  Immortal (Chrono Boost)  
  62  5:47  Adept x4  
  70  5:54  Probe  
  70  5:57  Probe  
  70  6:04  Probe  
  71  6:12  Immortal (Chrono Boost)  
  71  6:15  Stalker  
  71  6:17  Sentry  
  78  6:24  Pylon  
  78  6:27  Pylon  
  72  6:34  Sentry  
  72  6:36  Sentry  
  78  6:49  Stalker x2  
Tags
 
Add a new tag
Caveats
  • Supply blocks, unpowered buildings, or Contaminate may cause inaccurate times.
  • Supply counts are checked every 10 seconds.